Map: Submarine LE

Players

TIME (Oliveira) - Winner!

  • Race: Terran Terran
  • Spawn Location: 11:00

HeroMarine

  • Race: Terran Terran
  • Spawn Location: 5:00

Event: War Chest Team League

VOD

Have the link to the VOD?

Description

Time

  • Played on: July 28, 2020, 11:16 a.m.
  • Length: 20:03
Show
View Real Time Build Order
Export as new Build Order

TIME Terran - Winner!

Build Orders:  

Get SALT Encoding   

  12  0:00  SCV  
  13  0:12  SCV  
  14  0:17  Supply Depot  
  14  0:25  SCV  
  15  0:39  SCV  
  15  0:40  Barracks  
  16  0:45  Refinery  
  16  0:51  SCV  
  16  0:53  Refinery  
  17  1:03  SCV  
  18  1:15  SCV  
  19  1:27  Reaper  
  19  1:28  Orbital Command  
  19  1:29  Supply Depot  
  20  1:47  Factory  
  20  1:53  SCV  
  21  2:01  Reaper  
  22  2:05  SCV  
  23  2:18  SCV  
  24  2:24  Command Center  
  24  2:30  SCV  
  24  2:33  Hellion  
  24  2:35  Barracks Reactor  
  27  2:43  Starport  
  27  2:45  SCV  
  28  2:53  Supply Depot  
  28  2:55  Factory Tech Lab  
  28  2:57  SCV  
  29  3:09  SCV  
  29  3:12  Marine  
  31  3:14  Marine  
  31  3:15  Siege Tank  
  35  3:20  Medivac  
  35  3:22  SCV  
  38  3:29  Marine  
  39  3:35  Marine  
  39  3:36  Orbital Command  
  39  3:38  SCV  
  41  3:42  Refinery  
  41  3:50  Marine  
  41  3:54  Factory Tech Lab  
  43  3:55  SCV  
  43  4:02  SCV  
  44  4:05  Raven  
  44  4:07  SCV  
  44  4:09  Marine x2  
  48  4:14  Supply Depot  
  49  4:27  Marine  
  49  4:28  Cyclone  
  49  4:29  SCV  
  49  4:30  Supply Depot  
  54  4:35  SCV, Marine  
  56  4:43  Supply Depot  
  56  4:48  Raven  
  55  4:56  SCV  
  55  4:58  SCV  
  49  5:01  Siege Tank  
  49  5:04  Marine  
  52  5:08  SCV  
  52  5:10  SCV  
  52  5:11  Bunker  
  54  5:15  Command Center  
  54  5:20  SCV  
  55  5:22  SCV  
  56  5:29  Barracks  
  56  5:31  Barracks  
  56  5:32  SCV  
  56  5:34  SCV, Siege Tank  
  61  5:42  Viking x2, Marine  
  65  5:44  SCV  
  65  5:46  SCV, Stimpack  
  68  5:52  Supply Depot, Refinery  
  68  5:56  SCV  
  69  6:00  SCV  
  70  6:06  Siege Tank  
  70  6:07  Marine  
  70  6:08  SCV  
  75  6:12  Viking  
  75  6:14  SCV  
  75  6:16  Viking  
  80  6:21  SCV  
  80  6:25  Engineering Bay x2  
  81  6:27  Barracks Reactor  
  81  6:29  Orbital Command  
  81  6:31  Barracks Reactor  
  81  6:32  Marine  
  82  6:33  SCV  
  83  6:41  Siege Tank  
  83  6:45  Supply Depot  
  86  6:49  Orbital Command  
  86  6:50  Viking  
  86  6:52  SCV  
  89  6:54  Terran Infantry Weapons Level 1  
  89  6:59  SCV  
  90  7:03  Marine x2  
  90  7:04  Marine  
  90  7:06  Viking  
  95  7:09  Marine x2  
  95  7:10  Barracks x2  
  95  7:14  SCV  
  98  7:21  Marine x2  
  98  7:22  SCV  
  101  7:25  Marine  
  101  7:26  SCV x2  
  101  7:29  Siege Tank  
  105  7:31  Marine  
  105  7:34  Marine  
  103  7:38  Marine  
  103  7:41  Marine  
  93  7:45  SCV, Marine  
  92  7:52  Orbital Command, Marine  
  92  7:56  SCV  
  92  7:57  Marine  
  95  7:59  Marine  
  95  8:02  Medivac x2  
  100  8:06  Marine x2  
  100  8:10  Siege Tank  
  100  8:12  Marine  
  106  8:14  SCV  
  106  8:17  Marine  
  108  8:20  Marine  
  108  8:25  Marine  
  108  8:26  Marine  
  105  8:30  Marine  
  105  8:32  SCV  
  95  8:34  Barracks Reactor, Marine  
  95  8:35  Barracks Reactor  
  95  8:38  Marine  
  97  8:43  Marine  
  97  8:44  Marine  
  97  8:45  Orbital Command  
  97  8:47  Medivac, Marine, Siege Tank  
  99  8:48  Combat Shield  
  99  8:49  SCV  
  99  8:52  SCV, Marine  
  102  8:56  Marine  
  102  9:01  Marine  
  102  9:02  Marine  
  104  9:04  SCV  
  104  9:05  Marine  
  104  9:08  Supply Depot  
  107  9:10  Supply Depot, Marine, Sensor Tower  
  107  9:11  Supply Depot  
  107  9:13  SCV  
  109  9:26  Armory  
  109  9:29  Marine x5, Terran Infantry Armor Level 1  
  109  9:30  SCV x2, Marine  
  117  9:31  Marine  
  117  9:33  Marine  
  117  9:34  Supply Depot, Marine  
  120  9:47  Marine  
  120  9:52  Marine x2  
  115  9:53  SCV  
  115  9:54  Marine x3  
  115  9:56  SCV x2  
  115  9:58  Refinery x2  
  115  9:59  Marine x2  
  123  10:00  Siege Tank  
  123  10:05  SCV  
  127  10:08  SCV, Command Center, Marine x2  
  127  10:13  Marine x2  
  132  10:20  SCV x2  
  134  10:22  Marine, Terran Infantry Weapons Level 2  
  134  10:24  Terran Vehicle Weapons Level 1  
  134  10:25  Supply Depot, Marine  
  134  10:28  Marine  
  137  10:29  Marine  
  137  10:30  Supply Depot x2  
  137  10:34  Medivac  
  140  10:40  Marine  
  141  10:47  Supply Depot x2, Marine x2, Siege Tank  
  141  10:49  Marine  
  147  10:50  Marine x2  
  147  10:55  Marine x2  
  147  10:56  Marine  
  144  10:59  Viking, Marine  
  147  11:04  Marine x2  
  147  11:07  Marine x2  
  147  11:08  Marine  
  147  11:11  Supply Depot  
  152  11:13  Marine x3  
  152  11:16  Viking  
  152  11:18  Marine  
  158  11:22  Marine x2  
  158  11:24  Siege Tank  
  158  11:25  Marine  
  164  11:26  Marine x2  
  166  11:33  SCV, Marine x3  
  166  11:35  Marine  
  171  11:40  Marine x2  
  171  11:42  Terran Infantry Armor Level 2  
  171  11:43  Marine  
  171  11:46  Marine  
  175  11:49  SCV, Marine  
  175  11:50  SCV  
  175  11:54  Marine x3  
  179  11:56  Planetary Fortress  
  179  12:00  Marine x2  
  183  12:02  Siege Tank  
  159  12:16  Marine x2  
  159  12:17  Marine  
  159  12:18  Marine x3  
  159  12:21  Marine x2  
  167  12:25  Liberator  
  167  12:28  Marine  
  171  12:34  Marine x2  
  171  12:35  Marine  
  165  12:40  Marine  
  165  12:41  Marine  
  165  12:42  Marine x2  
  165  12:43  Marine, Siege Tank  
  136  12:46  Marine  
  106  12:52  Marine x2, Liberator  
  106  12:53  Marine  
  106  12:54  Terran Infantry Weapons Level 3  
  110  12:58  Marine x2  
  110  12:59  Terran Vehicle Weapons Level 2  
  110  13:00  Marine x3  
  110  13:04  Marine  
  114  13:09  Marine x2  
  114  13:11  Marine  
  115  13:16  Marine x2  
  115  13:18  Marine x3  
  115  13:19  Viking  
  122  13:21  Siege Tank  
  122  13:22  Marine  
  122  13:24  Factory  
  122  13:25  Sensor Tower  
  126  13:27  Marine x2  
  126  13:29  Marine  
  129  13:34  Marine x2  
  129  13:35  Viking  
  129  13:36  Marine  
  134  13:42  Marine  
  134  13:43  Marine  
  134  13:47  Marine x3  
  139  13:49  Marine  
  140  13:57  Marine  
  130  14:03  Marine x2  
  130  14:05  Marine x2, Siege Tank  
  130  14:06  Viking  
  130  14:08  Marine x2  
  130  14:09  Marine  
  138  14:10  SCV  
  138  14:11  Marine  
  138  14:12  Factory Tech Lab  
  138  14:13  SCV  
  138  14:14  Terran Infantry Armor Level 3  
  138  14:15  Marine  
  139  14:21  Marine x2  
  139  14:23  Marine x2  
  135  14:26  Marine  
  135  14:29  Medivac  
  141  14:33  Marine, Barracks  
  141  14:34  Barracks  
  141  14:36  Barracks  
  141  14:37  Siege Tank  
  145  14:39  Marine x2  
  145  14:40  Siege Tank  
  145  14:44  Medivac  
  145  14:45  Marine  
  150  14:46  Command Center  
  150  14:49  Marine  
  150  14:52  Marine  
  151  14:55  Marine x2  
  151  14:59  Medivac  
  156  15:00  Marine  
  156  15:01  Marine  
  158  15:07  Missile Turret  
  158  15:08  Missile Turret, Marine x4  
  158  15:10  Missile Turret, Marine  
  158  15:13  Siege Tank  
  158  15:14  Medivac  
  168  15:18  SCV, Marine  
  168  15:19  Marine  
  168  15:21  Siege Tank  
  174  15:25  Barracks Reactor x3  
  174  15:27  Marine x2  
  176  15:29  Medivac, Marine  
  176  15:34  Terran Vehicle And Ship Armor Level 1  
  176  15:35  Marine x3  
  182  15:45  Siege Tank  
  185  15:50  Marine  
  186  15:57  Marine x2  
  186  15:58  Siege Tank  
  186  16:03  Marine  
  192  16:05  Marine x2  
  192  16:08  Marine  
  182  16:15  Marine  
  182  16:17  Marine x2, Siege Tank  
  182  16:18  Marine x8  
  173  16:19  Medivac x2  
  177  16:26  Marine  
  177  16:27  Marine  
  177  16:30  Planetary Fortress  
  177  16:31  Marine  
  183  16:32  Siege Tank  
  183  16:33  Marine x2  
  185  16:41  Marine x2  
  184  16:48  Marine  
  184  16:49  Medivac  
  184  16:50  Siege Tank  
  184  16:52  Marine  
  184  16:53  Marine x5  
  187  16:57  Medivac  
  187  17:00  Marine x3  
  192  17:04  Marine, Siege Tank  
  192  17:07  Marine x2  
  198  17:14  Marine x2  
  200  17:30  Command Center  
  200  17:36  Marine x5  
  167  17:38  Marine  
  167  17:40  Siege Tank  
  167  17:44  Marine x6  
  164  17:46  Marine  
  164  17:49  Marine x2  
  173  17:54  Marine, Siege Tank  
  173  18:03  Marine  
  173  18:04  Marine x5  
  173  18:05  Marine  
  166  18:06  Marine  
  166  18:08  Marine x2  
  166  18:10  Marine  
  166  18:12  Siege Tank  
  157  18:13  Marine  
  157  18:14  Marine x3  
  157  18:17  Medivac  
  137  18:21  Marine  
  137  18:22  Marine x5  
  137  18:23  Marine  
  137  18:24  Marine  
  137  18:26  Marine x2, Siege Tank  
  148  18:27  Medivac  
  148  18:28  Marine  
  148  18:31  Marine  
  148  18:32  Marine x3  
  152  18:39  Marine x2  
  152  18:40  Marine x4  
  152  18:41  Marine x2  
  158  18:44  Marine x2  
  158  18:45  Marine  
  158  18:49  Marine x3  
  158  18:51  Marine  
  156  18:57  Marine x2  
  156  18:58  Marine x2  
  156  18:59  Marine x2  
  156  19:01  Marine x2  
  164  19:04  Marine, Siege Tank  
  151  19:10  Marine x2  
  151  19:14  Marine x5  
  151  19:15  Marine  
  132  19:18  Orbital Command  
  132  19:21  Marine x2  
  132  19:22  Marine  
  132  19:23  Marine  
  134  19:24  Marine  
  134  19:25  Siege Tank  
  134  19:26  Planetary Fortress  
  134  19:28  Marine  
  134  19:29  Marine x3  
  142  19:32  Marine  
  142  19:35  Marine  
  137  19:41  Marine x2  
  137  19:43  Marine x7  
Show
View Real Time Build Order
Export as new Build Order

HeroMarine Terran 

Build Orders: Reaper Expand 

Get SALT Encoding   

  12  0:01  SCV  
  13  0:13  SCV  
  14  0:17  Supply Depot  
  14  0:25  SCV  
  15  0:38  SCV  
  15  0:40  Barracks  
  16  0:44  Refinery  
  16  0:51  SCV  
  17  1:03  SCV  
  18  1:15  SCV  
  19  1:27  Reaper  
  19  1:28  Orbital Command  
  20  1:47  Command Center  
  20  1:53  SCV  
  21  1:55  Supply Depot  
  21  1:59  Marine  
  22  2:05  SCV  
  23  2:10  Factory  
  23  2:17  Marine  
  23  2:18  SCV  
  25  2:23  Refinery  
  25  2:30  SCV  
  25  2:34  Bunker  
  25  2:35  Barracks Reactor  
  26  2:42  SCV  
  27  2:54  SCV, Hellion  
  27  2:57  Starport  
  30  3:00  Orbital Command  
  30  3:06  SCV  
  30  3:12  Marine x2  
  33  3:16  Orbital Command, Factory Tech Lab  
  33  3:18  SCV  
  34  3:29  Marine  
  34  3:30  SCV, Supply Depot, Marine  
  34  3:34  Starport Tech Lab  
  37  3:35  Cyclone  
  40  3:42  SCV  
  40  3:47  SCV, Marine  
  40  3:48  Marine  
  43  3:54  SCV  
  44  4:00  SCV, Refinery  
  44  4:01  Viking  
  47  4:07  Siege Tank  
  47  4:08  Supply Depot  
  50  4:12  SCV x2  
  50  4:15  Marine x2  
  54  4:27  Supply Depot  
  54  4:28  Supply Depot  
  54  4:29  SCV x2  
  56  4:36  Marine x2  
  58  4:39  Siege Tank  
  58  4:44  SCV  
  62  4:49  SCV  
  63  4:54  Marine x2  
  63  4:56  SCV  
  66  5:01  SCV  
  66  5:08  SCV  
  66  5:13  SCV  
  68  5:18  Command Center  
  68  5:23  SCV, Barracks x2  
  68  5:25  SCV  
  68  5:27  Starport Reactor  
  68  5:31  Marine  
  68  5:33  Stimpack  
  69  5:37  SCV x2  
  71  5:46  Siege Tank  
  71  5:49  SCV x2  
  76  5:50  Supply Depot  
  76  5:55  Engineering Bay x2  
  76  6:01  SCV x2  
  78  6:07  Refinery  
  78  6:10  Supply Depot  
  78  6:11  Medivac x2  
  78  6:12  Barracks Reactor  
  78  6:13  Marine x3  
  78  6:14  SCV  
  86  6:23  Terran Infantry Weapons Level 1  
  86  6:24  Terran Infantry Armor Level 1  
  86  6:30  Orbital Command, Siege Tank  
  86  6:32  Marine x2  
  89  6:33  Marine  
  89  6:36  SCV x2  
  94  6:42  Medivac  
  94  6:43  Medivac  
  97  6:48  SCV x2  
  97  6:49  Orbital Command  
  97  6:52  Marine  
  97  6:53  Marine x4  
  104  6:59  Supply Depot  
  104  7:00  Supply Depot  
  106  7:02  Siege Tank  
  107  7:10  Marine x2  
  107  7:13  Marine, Barracks  
  107  7:14  Barracks  
  109  7:20  Marine  
  109  7:21  SCV x2  
  109  7:22  Marine  
  113  7:28  Marine x2  
  115  7:30  Marine  
  111  7:38  Marine  
  111  7:40  Marine  
  111  7:43  Siege Tank  
  106  7:45  Medivac  
  106  7:46  Marine  
  103  7:56  Marine  
  103  7:58  Marine  
  99  7:59  Combat Shield  
  99  8:03  SCV x2  
  99  8:04  Marine  
  100  8:14  Marine  
  100  8:15  SCV x2, Marine  
  100  8:17  Marine  
  106  8:22  Marine  
  84  8:27  SCV  
  84  8:28  SCV  
  84  8:32  Marine  
  84  8:33  Marine  
  81  8:35  Medivac x2  
  81  8:39  Marine  
  81  8:40  SCV x2  
  82  8:43  Barracks Reactor, Orbital Command  
  74  8:49  Factory  
  74  8:50  Marine  
  74  8:51  Marine  
  74  8:52  SCV x2  
  78  8:57  Marine  
  78  9:01  Barracks  
  79  9:04  SCV x2  
  79  9:05  Medivac x2  
  79  9:07  Marine  
  79  9:09  Marine  
  87  9:10  SCV, Marine x2  
  87  9:15  Marine  
  87  9:16  SCV x2  
  93  9:22  SCV, Marine x2  
  96  9:25  Marine  
  96  9:27  Marine  
  96  9:28  SCV x2, Marine x2  
  102  9:33  Marine  
  102  9:34  SCV  
  104  9:40  SCV, Marine x2  
  104  9:42  SCV  
  104  9:43  Marine  
  104  9:44  Marine, Siege Tank  
  109  9:46  SCV, Marine x2  
  109  9:51  Marine  
  109  9:52  SCV  
  108  9:54  SCV  
  108  9:58  SCV, Marine x2  
  108  9:59  Armory  
  112  10:01  Marine  
  112  10:02  Marine  
  112  10:03  Barracks Reactor  
  112  10:04  Medivac x2, Marine x2  
  122  10:08  Refinery x2, Marine  
  122  10:12  Factory  
  124  10:16  Marine x2, Sensor Tower  
  124  10:17  Supply Depot x2  
  124  10:19  Marine  
  124  10:20  Marine  
  125  10:21  Marine, Siege Tank  
  125  10:22  Marine  
  125  10:26  Marine  
  131  10:33  Marine  
  131  10:34  Marine  
  133  10:37  Supply Depot  
  133  10:38  Medivac x2  
  137  10:46  Terran Infantry Armor Level 2, Terran Infantry Weapons Level 2  
  137  10:53  Siege Tank  
  137  10:54  Barracks Reactor  
  137  10:55  Marine x3  
  139  11:01  Marine x4  
  139  11:02  Marine  
  144  11:08  Terran Vehicle Weapons Level 1  
  147  11:11  Siege Tank  
  147  11:12  Viking  
  147  11:13  Marine x3  
  147  11:17  Viking  
  154  11:19  Marine x4  
  156  11:26  Siege Tank  
  156  11:29  Marine x2  
  156  11:31  Marine x3  
  164  11:32  Command Center  
  164  11:42  Marine  
  164  11:45  Marine x2  
  164  11:46  Supply Depot  
  165  11:47  Siege Tank  
  165  11:48  Marine  
  165  11:49  Supply Depot, Marine x2  
  165  11:51  Viking x2  
  171  12:04  Marine  
  171  12:05  Marine  
  171  12:08  Siege Tank  
  176  12:10  Marine  
  176  12:11  Marine x2  
  165  12:17  Marine x2  
  165  12:19  Siege Tank  
  165  12:21  Viking  
  163  12:26  Viking  
  163  12:29  Marine  
  164  12:35  Marine  
  164  12:36  Marine  
  166  12:39  Marine x2  
  166  12:40  Marine, Siege Tank  
  166  12:42  Marine  
  166  12:43  Marine  
  127  12:46  Marine  
  127  12:47  Marine x2  
  127  12:51  Medivac  
  121  12:52  Marine, Siege Tank  
  121  12:54  Marine  
  121  12:56  Medivac  
  121  12:57  SCV x2  
  130  12:59  SCV  
  129  13:09  Marine x2  
  132  13:16  Terran Infantry Weapons Level 3  
  132  13:19  Terran Infantry Armor Level 3  
  129  13:21  Medivac  
  129  13:25  Siege Tank  
  134  13:35  Marine x2, Siege Tank  
  134  13:41  Planetary Fortress  
  140  13:45  Terran Vehicle Weapons Level 2  
  139  13:50  Marine  
  139  13:51  Marine  
  139  13:55  Marine x2  
  139  13:57  Marine  
  139  13:58  Marine  
  139  14:00  Siege Tank  
  129  14:03  Marine x2  
  129  14:08  Marine  
  129  14:09  Marine  
  126  14:13  Marine x2  
  125  14:23  Marine x2  
  121  14:24  Marine  
  121  14:28  Marine x3  
  121  14:31  Marine x2  
  125  14:34  Siege Tank  
  125  14:38  Siege Tank  
  132  14:41  Marine x2  
  132  14:42  Medivac, Marine  
  132  14:43  Medivac  
  139  14:46  Marine  
  139  14:49  Marine x4  
  144  14:58  Marine  
  144  14:59  Marine  
  146  15:00  Marine  
  146  15:02  SCV x2  
  146  15:03  Marine, Sensor Tower  
  146  15:04  SCV x2  
  146  15:06  Marine  
  146  15:07  Marine x2  
  153  15:08  Marine  
  153  15:12  Medivac, Siege Tank  
  161  15:16  Marine x2  
  161  15:19  Siege Tank  
  161  15:20  SCV  
  169  15:22  Marine  
  169  15:23  Marine  
  169  15:24  Marine x2  
  171  15:32  Viking  
  173  15:38  Barracks  
  173  15:42  Viking  
  174  15:44  Marine x2  
  174  15:47  Marine x2  
  174  15:49  Marine x3  
  180  15:50  Marine  
  177  16:02  Viking, Marine x2  
  179  16:04  Marine  
  179  16:05  Marine  
  179  16:07  Marine x3  
  179  16:08  Marine  
  178  16:13  Medivac  
  175  16:19  Marine  
  175  16:20  Marine  
  175  16:22  Marine x2  
  175  16:25  Marine  
  180  16:28  Siege Tank  
  180  16:32  Medivac  
  185  16:34  Terran Vehicle Weapons Level 3, Marine  
  185  16:39  Marine x2  
  188  16:42  Marine x2  
  188  16:43  Medivac  
  188  16:45  Marine x2  
  194  16:49  Marine  
  194  16:52  Marine  
  194  16:53  Siege Tank  
  199  16:57  Marine  
  199  17:28  Marine  
  193  17:30  Marine x2  
  193  17:31  Marine x2  
  193  17:32  Marine x2  
  193  17:33  Marine  
  163  17:46  Marine  
  163  17:48  Marine x2  
  163  17:49  Marine x2  
  163  17:50  Marine x3  
  150  18:01  Siege Tank  
  150  18:02  Medivac x2  
  150  18:04  Marine  
  150  18:06  Marine x2  
  150  18:07  Marine x2  
  150  18:08  Marine x3  
  137  18:22  Marine  
  137  18:24  Marine x3  
  137  18:25  Marine x2  
  137  18:26  Marine x2  
  145  18:27  Factory Tech Lab  
  145  18:29  Barracks Reactor  
  145  18:33  Siege Tank  
  148  18:40  Marine  
  149  18:41  Marine  
  149  18:42  Marine x3  
  149  18:43  Marine  
  149  18:44  Marine x2  
  153  18:50  Siege Tank  
  154  18:57  Marine  
  154  18:59  Marine x2  
  154  19:00  Marine x2  
  154  19:01  Marine x2  
  154  19:02  Marine  
  162  19:05  Siege Tank  
  162  19:07  Marine x2  
  146  19:15  Marine  
  113  19:17  Marine x2  
  113  19:18  Marine x2  
  113  19:20  Orbital Command  
  113  19:22  Siege Tank  
  113  19:26  Marine x2  
  113  19:27  Marine x3  
  117  19:33  Marine  
  117  19:35  Marine  
  117  19:37  Marine x2  
  117  19:38  Marine  
Tags
 
Add a new tag
Caveats
  • Supply blocks, unpowered buildings, or Contaminate may cause inaccurate times.
  • Supply counts are checked every 10 seconds.